 Dungeon Crawl Stone Soup version 0.23-a0-677-g07611c5 (webtiles) character file.

6304 emperorscorpion the Thaumaturge (level 10, -6/70 HPs)
             Began as a Vampire Fire Elementalist on Jan 10, 2019.
             Mangled by a catoblepas (16 damage)
             ... on level 3 of the Lair of Beasts.
             The game lasted 00:21:59 (12851 turns).

emperorscorpion the Thaumaturge (VpFE)             Turns: 12851, Time: 00:22:00

Health: -6/70      AC:  6    Str:  7    XL:     10   Next: 63%
Magic:  8/22       EV: 16    Int: 21    God:
Gold:   488        SH:  0    Dex: 15    Spells: 12/25 levels left

rFire    + . .     SeeInvis +   b - +0 dagger
rCold    . . .     Gourm    .   (no shield)
rNeg     + + +     Faith    .   j - +2 robe {rF+}
rPois    .         Spirit   .   (no helmet)
rElec    .         Reflect  .   q - +1 cloak
rCorr    .         Harm     .   (no gloves)
MR       +....                  (no boots)
Stlth    ++++......             (no amulet)
HPRegen  0.21/turn              d - ring of positive energy
MPRegen  0.18/turn              s - ring of positive energy

@: very slightly contaminated
A: fangs 3, see invisible, unbreathing
a: Bat Form


You were on level 3 of the Lair of Beasts.
You were not thirsty.

You visited 3 branches of the dungeon, and saw 12 of its levels.

You collected 488 gold pieces.

Inventory:

Hand Weapons
 a - a +4 spear
 b - a +0 dagger (weapon)
 i - a +1 dagger of freezing
 o - a +0 short sword of speed
 v - a +0 blowgun
Missiles
 w - 27 poisoned needles
 y - 2 tomahawks of returning (quivered)
 F - 5 tomahawks
 I - 2 curare-tipped needles
Armour
 j - a +2 robe of fire resistance (worn)
 k - a +3 leather armour
 q - a +1 cloak (worn)
 G - a +0 robe
Jewellery
 d - a ring of positive energy (left hand)
 n - a +3 ring of protection {unknown}
 p - an uncursed ring of protection from magic {unknown}
 s - a ring of positive energy (right hand)
 L - a +5 ring of protection {unknown}
 N - a +3 ring of intelligence {unknown}
Wands
 r - a wand of acid (9)
 z - a wand of iceblast (10)
 H - a wand of flame (39)
Scrolls
 f - 6 scrolls of teleportation
 t - a scroll of fog
 A - 3 scrolls of amnesia
 B - 2 scrolls of remove curse
 E - a scroll of immolation {unknown}
 J - a scroll of magic mapping
 M - a scroll of identify
 O - a scroll of enchant weapon
Potions
 c - 5 potions of blood
 e - 2 potions of heal wounds
 g - a potion of mutation
 h - a potion of cancellation
 l - 2 potions of agility {unknown}
 m - a potion of invisibility {unknown}
 u - a potion of haste {unknown}
 x - a potion of flight {unknown}
 C - 2 potions of curing {unknown}
 D - a potion of lignification {unknown}
 K - 2 potions of brilliance {unknown}


   Skills:
 + Level 3.5 Fighting
 - Level 2.7 Short Blades
 + Level 1.1 Polearms
 + Level 6.3 Dodging
 + Level 7.5 Stealth
 + Level 8.2 Spellcasting
 + Level 5.6 Conjurations
 + Level 6.7 Fire Magic
 - Level 0.8 Evocations


You had 12 spell levels left.
You knew the following spells:

 Your Spells              Type           Power        Failure   Level  Hunger
a - Flame Tongue          Conj/Fire      ####.        1%          1    None
b - Sticky Flame          Conj/Fire      ####....     6%          4    ###....
c - Fireball              Conj/Fire      ####......   17%         5    #####..
d - Conjure Flame         Conj/Fire      ####....     1%          3    None

Your spell library contained the following spells:

 Spells                   Type           Power        Failure   Level  Hunger
 Throw Flame              Conj/Fire      ####..       1%          2    None
 Inner Flame              Hex/Fire       ###.....     6%          3    None
 Infusion                 Chrm           #...         8%          1    None
 Shroud of Golubria       Chrm/Tloc      #.........   12%         2    None
 Song of Slaying          Chrm           #.......     12%         2    None
 Regeneration             Chrm/Necr      #.........   24%         3    None
 Spectral Weapon          Hex/Chrm       #.......     24%         3    None


Dungeon Overview and Level Annotations

Branches:
Dungeon (8/15)             Temple (1/1) D:7            Lair (3/6) D:8
  Swamp: Lair:2-4    Shoals: Lair:2-4     Snake: Lair:2-4    Spider: Lair:2-4

Altars:
Ashenzari
Cheibriados
Dithmenos
Elyvilon
Fedhas
Gozag
Hepliaklqana
Kikubaaqudgha
Makhleb
Nemelex Xobeh
Okawaru
Qazlal
Ru
Sif Muna
Trog
Uskayaw
Vehumet
Wu Jian
Xom
Yredelemnul
The Shining One

Annotations:
D:3 3 runed doors, galech's ghost, amateur DsFi
D:6 1 runed door, tstbtto's ghost, novice CeFi


Innate Abilities, Weirdness & Mutations

You have razor-sharp teeth.
You have supernaturally acute eyesight. (SInv)
You can survive without breathing.


Message History

The catoblepas burns!
The catoblepas gores you!!
Unknown command.
Casting: Sticky Flame (safe; 6% risk of failure)
Confirm with . or Enter, or press ? or * to list all spells.
Aiming: Fireball (quite dangerous; 17% risk of failure)
Press: ? - help, Shift-Dir - straight line, p - catoblepas The fireball explodes!
The fireball engulfs the catoblepas.
The catoblepas is heavily wounded.
You hear a horrible gurgling sound!
The catoblepas burns!
The catoblepas gores you!!
* * * LOW HITPOINT WARNING * * *
Unknown command.
Casting: Fireball (quite dangerous; 17% risk of failure)
Confirm with . or Enter, or press ? or * to list all spells.
Aiming: Fireball (quite dangerous; 17% risk of failure)
Press: ? - help, Shift-Dir - straight line You miscast Fireball.
You are very lightly contaminated with residual magic.
Nothing appears to happen.
The catoblepas burns!
The catoblepas gores you!
You die...

##.|##P.. #P...#...
###... .#....#...
.....# ....#...##
....# .........
....# ##.....###
...#
.##........##...##
#...........?...P#.#
#.....<....@Y......
#.#....PP...##...###
#.)#..#..### ....#
#.. ##....# .... ..
P...## ... ###..# ..
#... . ..


You could see a catoblepas (burning).

Vanquished Creatures
  A hydra (Lair:2)
  Pikel (D:8)
  2 hippogriffs
  Sigmund (D:2)
  3 yaks (D:8)
  2 basilisks
  Edmund (D:6)
  2 water moccasins
  3 porcupines
  3 ice beasts
  A slave (D:8)
  2 sky beasts (D:6)
  2 orc warriors
  2 black bears
  3 phantoms
  6 ogres
  2 crocodiles
  2 bullfrogs (D:7)
  A scorpion (D:6)
  4 wights (D:6)
  3 crimson imps
  A centaur zombie (D:6)
  7 orc priests
  2 centaur skeletons
  3 iguanas
  4 jellies
  Natasha (thrice) (D:3)
  7 worker ants
  4 orc wizards
  A hound skeleton (D:5)
  A mummy (D:5)
  A worker ant zombie (D:8)
  A howler monkey skeleton (D:7)
  8 adders
  2 shadow imps (D:5)
  10 oozes
  An adder zombie (D:8)
  A dart slug (D:1)
  4 worms
  5 leopard geckos
  27 orcs
  8 goblins
  6 hobgoblins
  6 jackals
  5 quokkas
  3 ball pythons
  7 bats
  A frilled lizard (D:2)
  16 kobolds
  A leopard gecko skeleton (D:7)
  2 rats (D:2)
195 creatures vanquished.

Vanquished Creatures (others)
  2 crimson imps (D:8)
  A hound (D:8)
  6 fungi
  A plant (Lair:2)
  7 toadstools (D:3)
17 creatures vanquished.

Grand Total: 212 creatures vanquished

Notes
Turn   | Place    | Note
-------+----------+-------------------------------------------
     0 | D:1      | emperorscorpion the Vampire Fire Elementalist began the
                  | quest for the Orb.
     0 | D:1      | Reached XP level 1. HP: 13/13 MP: 3/3
   175 | D:1      | Reached XP level 2. HP: 19/19 MP: 1/5
  1129 | D:2      | Reached XP level 3. HP: 24/24 MP: 0/6
  1391 | D:2      | Noticed Sigmund
  1408 | D:2      | Killed Sigmund
  1408 | D:2      | Reached skill level 1 in Short Blades
  1408 | D:2      | Reached skill level 3 in Spellcasting
  1408 | D:2      | Reached skill level 1 in Conjurations
  1408 | D:2      | Reached XP level 4. HP: 3/31 MP: 0/9
  1408 | D:2      | Reached XP level 5. HP: 4/36 MP: 0/10
  1675 | D:2      | Found a glowing golden altar of the Shining One.
  2281 | D:2      | Learned a level 4 spell: Sticky Flame
  2459 | D:3      | Found an ornate altar of the Wu Jian Council.
  2691 | D:3      | Learned a level 5 spell: Fireball
  2742 | D:3      | Found a burning altar of Makhleb.
  3109 | D:3      | Noticed Natasha
  3118 | D:3      | Killed Natasha
  3118 | D:3      | Reached XP level 6. HP: 28/42 MP: 4/11
  3193 | D:3      | Noticed Natasha
  3202 | D:3      | Killed Natasha
  3216 | D:3      | Noticed Natasha
  3223 | D:3      | Killed Natasha
  3439 | D:3      | Found a runed gate.
  3439 | D:3      | Found a runed gate.
  3439 | D:3      | Found a runed gate.
  3439 | D:3      | Noticed galech's ghost (amateur DsFi)
  3864 | D:3      | Reached skill level 4 in Spellcasting
  4098 | D:4      | Reached XP level 7. HP: 46/47 MP: 5/13
  4735 | D:4      | Reached skill level 1 in Fighting
  5542 | D:5      | Entered Level 5 of the Dungeon
  5944 | D:5      | Reached skill level 5 in Spellcasting
  5944 | D:5      | Reached XP level 8. HP: 46/54 MP: 7/15
  5946 | D:5      | Found a blossoming altar of Fedhas.
  6057 | D:5      | Found a bloodstained altar of Trog.
  6067 | D:5      | Found an ancient bone altar of Kikubaaqudgha.
  6067 | D:5      | Found a shadowy altar of Dithmenos.
  6069 | D:5      | Found an ancient bone altar of Kikubaaqudgha.
  6069 | D:5      | Found a shimmering altar of Xom.
  6069 | D:5      | Found a shimmering altar of Xom.
  6160 | D:5      | Found a transporter.
  6181 | D:5      | Found a transporter.
  6699 | D:5      | Found a snail-covered altar of Cheibriados.
  7413 | D:6      | Reached skill level 5 in Fire Magic
  7550 | D:6      | Noticed Edmund
  7563 | D:6      | Killed Edmund
  7563 | D:6      | Reached skill level 6 in Spellcasting
  7618 | D:6      | Found a runed door.
  7620 | D:6      | Noticed tstbtto's ghost (novice CeFi)
  7700 | D:6      | Reached XP level 9. HP: 62/62 MP: 18/18
  8177 | D:6      | Learned a level 3 spell: Conjure Flame
  8656 | D:7      | Found a staircase to the Ecumenical Temple.
  8666 | D:7      | Reached skill level 5 in Stealth
  8718 | Temple   | Entered the Ecumenical Temple
  9970 | D:7      | Reached skill level 7 in Spellcasting
 10262 | D:7      | Reached skill level 1 in Polearms
 10429 | D:7      | Found a hazy altar of Hepliaklqana.
 10430 | D:7      | Found a stormy altar of Qazlal.
 10432 | D:7      | Found a deep blue altar of Sif Muna.
 10496 | D:8      | Noticed Pikel
 10511 | D:8      | Killed Pikel
 10511 | D:8      | Reached skill level 5 in Dodging
 10699 | D:8      | Found a staircase to the Lair.
 10745 | D:8      | Reached skill level 5 in Conjurations
 10871 | D:8      | Reached XP level 10. HP: 52/70 MP: 16/21
 11595 | Lair:1   | Entered Level 1 of the Lair of Beasts
 12525 | Lair:2   | Noticed a six-headed hydra
 12537 | Lair:2   | Killed a six-headed hydra
 12537 | Lair:2   | Reached skill level 8 in Spellcasting
 12842 | Lair:3   | Noticed a catoblepas
 12851 | Lair:3   | Mangled by a catoblepas

Vault maps used:
D:1:      minmay_arrival_up_and_down
D:2:      nicolae_overflow_crystal_walls, uniq_sigmund
D:3:      cheibrodos_fertilizer, nicolae_overflow_hidden_temple,
          gammafunk_ghost_necromancy, first_ration, bloody_makhleb, uniq_natasha
D:5:      gammafunk_wand_slinger, slow_altar_1, lemuel_round_altar,
          doesnt_xom_only_xom
D:6:      hellmonk_ghost_happy_afterlife, uniq_edmund
D:7:      minitemple, minmay_temple_entry_large_hall
D:8:      lair_entry_dummy, uniq_pikel
Temple:   nicolae_temple_figure_eight
Lair:2:   spider_nest_entry_rubble, minmay_lair_oklob_chamber
Lair:3:   minmay_swamp_entry_worms, gammafunk_ghost_ooze,
          infiniplex_staircase_pool, uniq_gastronok

Skill      XL: |  1  2  3  4  5  6  7  8  9 10 |
---------------+-------------------------------+-----
Short Blades   | 1 2 |  2.7
Spellcasting   | 3 4 5 6 7 8 |  8.2
Conjurations   | 1 2 3 4 5 |  5.6
Fire Magic     | 3 4 5 6 |  6.7
Dodging        | 3 4 5 6 |  6.3
Fighting       | 1 2 3 |  3.5
Stealth        | 4 5 7 |  7.5
Polearms       | 1 |  1.1
Evocations     | |  0.8

Action                   |  1- 3 |  4- 6 |  7- 9 | 10-12 || total
-------------------------+-------+-------+-------+-------++-------
Melee: Dagger            |    25 |    38 |   192 |    28 ||   283
       Unarmed           |     3 |       |       |       ||     3
       Bite              |     2 |     4 |    20 |     2 ||    28
       Spear             |       |       |    19 |       ||    19
Throw: Tomahawk          |       |       |     3 |       ||     3
 Cast: Flame Tongue      |    53 |   114 |   208 |    33 ||   408
       Sticky Flame      |       |       |    29 |    16 ||    45
       Fireball          |       |       |     1 |     4 ||     5
       Conjure Flame     |       |       |     1 |       ||     1
Evoke: Wand              |       |       |     4 |     3 ||     7
  Use: Potion            |       |    13 |    15 |    11 ||    39
       Scroll            |       |     3 |     9 |       ||    12
 Stab: Sleeping          |     1 |       |     6 |     8 ||    15
Armor: Robe              |    11 |    27 |    61 |     9 ||   108
Dodge: Dodged            |    31 |    57 |   221 |    53 ||   362

Table legend:
 A = Non-vault XP
 B = Vault XP
 C = Vault XP percentage of total XP
 D = Non-vault monster count
 E = Vault monster count
 F = Vault count percentage of total count
                 A         B        C        D         E       F
            +---------+---------+-------+---------+---------+-------
      Total |    7710 |    1296 |  14.4 |     168 |      26 |  13.4
            +---------+---------+-------+---------+---------+-------
        D:1 |      30 |       0 |   0.0 |      17 |       0 |   0.0
        D:2 |      52 |     231 |  81.6 |      19 |       1 |   5.0
        D:3 |     199 |     224 |  53.0 |      15 |      19 |  55.9
        D:4 |     612 |       0 |   0.0 |      30 |       0 |   0.0
        D:5 |     520 |      81 |  13.5 |      16 |       4 |  20.0
        D:6 |    1297 |     153 |  10.6 |      21 |       1 |   4.5
        D:7 |    1158 |       0 |   0.0 |      19 |       0 |   0.0
        D:8 |    1399 |     607 |  30.3 |      21 |       1 |   4.5
     Lair:1 |     446 |       0 |   0.0 |       3 |       0 |   0.0
     Lair:2 |    1997 |       0 |   0.0 |       7 |       0 |   0.0
            +---------+---------+-------+---------+---------+-------
